 Dungeon Crawl Stone Soup version 0.30-b1-2-g02819fbbbe (webtiles) character file.

Game seed: 3732437176734581805

417 Totes the Chopper (level 6, -1/56 HPs)
             Began as a Minotaur Berserker on Sept 6, 2023.
             Was a Believer of Trog.
             Slain by a hornet (8 damage)
             ... while paralysed by a hornet
             ... on level 4 of the Dungeon.
             The game lasted 00:07:54 (2431 turns).

Totes the Chopper (Minotaur Berserker)              Turns: 2431, Time: 00:07:55

Health: -1/56      AC:  9    Str: 22    XL:     6   Next: 61%
Magic:  5/5        EV:  2    Int:  4    God:    Trog [**....]
Gold:   177        SH:  0    Dex: 11    Spells: 5/5 levels left

rFire   . . .        a - +0 hand axe
rCold   . . .        (no shield)
rNeg    . . .        h - +0 chain mail
rPois   .            (helmet restricted)
rElec   .            (no cloak)
rCorr   .            (no gloves)
SInv    .            (no boots)
Will    ++...        (no amulet) Stlth
                     (no ring)
HPRegen 1.29/turn    (no ring)
MPRegen 0.09/turn

%: no passive effects
@: paralysed, lethally poisoned (-1 -> -5), strong-willed, regenerating, slowed
A: horns 2, retaliatory headbutt
a: Renounce Religion, Berserk, Trog's Hand


You were on level 4 of the Dungeon.
You worshipped Trog.
Trog was pleased with you.
You visited 1 branch of the dungeon, and saw 4 of its levels.

You collected 177 gold pieces.

Inventory:

Hand Weapons
 a - a +0 hand axe (weapon)
Armour
 h - a +0 chain mail (worn)
Wands
 g - a wand of flame (8)
Scrolls
 d - 6 scrolls of identify {unknown}
 i - a scroll of noise {unknown}
 j - a scroll of immolation {unknown}
Potions
 b - a potion of ambrosia {unknown}
 c - a potion of berserk rage {unknown}
 e - a potion of degeneration {unknown}
 f - 2 potions of curing


   Skills:
 + Level 5.1 Fighting
 + Level 6.5 Axes
 + Level 4.5 Armour
 + Level 3.3 Dodging
 + Level 0.3 Stealth


You had 5 spell levels left.
You didn't know any spells.
Your spell library was empty.

Dungeon Overview and Level Annotations

Branches:
Dungeon (4/15)
 Temple: D:4-7

Altars:
Vehumet

Shops:
D:3 [


Innate Abilities, Weirdness & Mutations

You have a pair of horns on your head.
You reflexively headbutt those who attack you in melee.


Message History

The adder barely misses you. You furiously retaliate!
You headbutt the adder.
You kill the adder!
Trog accepts your kill.
There is an open door here.
A sleepcap comes into view.
The sleepcap moves out of view.
A hornet comes into view.
Found a scroll labelled VINWADGH FEINESYTZA.
The hornet buzzes angrily.
You see here 2 metallic inky potions.
You hit the hornet but do no damage. Your headbutt misses the hornet.
The hornet stings you.
You feel yourself slow down.
You closely miss the hornet.
You feel yourself speed up. The hornet stings you.
You are poisoned.
You feel yourself slow down. The hornet stings you.
You are more poisoned.
You suddenly lose the ability to move!
You feel very sick. The hornet stings you.
You feel as though you will be slow longer.
The hornet stings you but does no damage.
You can move again.
Your skin crawls.
You feel strong-willed.
You feel very sick. The hornet stings you.
You are more poisoned.
You feel as though you will be slow longer.
The hornet barely misses you.
You barely miss the hornet.
You feel extremely sick. The hornet stings you.
You suddenly lose the ability to move!
The hornet stings you!
* * * LOW HITPOINT WARNING * * *
You feel as though you will be slow longer.
You feel very sick. The hornet completely misses you. The hornet stings you!
You die...

.......
.......
.......
.......##
........##
.......y.###.#
.......#..f#.#
##
....^..###y#.#
### ##.
....... #@#.#
#... ..
.......
#.#.###..# ##.
...f..y
##'#.....#
##.. ..?....
#........#
##..# .......
#.......##
##..#.
..###.......#
##..##.
...........##
##..###.
...#####...#
##..## #. ..
#..## ##..##
#.


You could see a hornet and a sleepcap.

Vanquished Creatures
  The ghost of Endy73 the Cleaver, an amateur MiFi (D:3)
  A bullfrog (D:3)
  A howler monkey (D:3)
  6 adders
  An orc (D:3)
  5 endoplasms
  4 giant cockroaches
  2 hobgoblins
  7 kobolds
  2 quokkas
  4 ball pythons
  4 bats
  3 frilled lizards (D:3)
  7 goblins
  6 rats
54 creatures vanquished.

Notes
Turn   | Place    | Note
-------+----------+-------------------------------------------
     0 | D:1      | Totes the Minotaur Berserker began the quest for the Orb.
     0 | D:1      | Reached XP level 1. HP: 19/19 MP: 0/0
   368 | D:1      | Reached XP level 2. HP: 27/27 MP: 1/1
   508 | D:1      | Reached skill level 4 in Axes
   911 | D:2      | Reached XP level 3. HP: 29/33 MP: 2/2
  1361 | D:2      | Reached ** piety under Trog
  1460 | D:3      | Found a radiant altar of Vehumet.
  1597 | D:3      | Reached XP level 4. HP: 28/41 MP: 3/3
  1663 | D:3      | Found Tekaa's Armour Boutique.
  1686 | D:3      | Reached skill level 5 in Axes
  1687 | D:3      | Found a runed translucent door.
  1687 | D:3      | Noticed a bullfrog
  1700 | D:3      | Noticed Endy73's ghost (amateur MiFi)
  2162 | D:3      | Killed a bullfrog
  2163 | D:3      | Reached XP level 5. HP: 40/47 MP: 4/4
  2187 | D:3      | Killed Endy73's ghost
  2188 | D:3      | Reached skill level 5 in Fighting
  2188 | D:3      | Reached skill level 6 in Axes
  2188 | D:3      | Reached XP level 6. HP: 29/56 MP: 5/5
  2420 | D:4      | Noticed a hornet
  2427 | D:4      | Paralysed by a hornet for 2 turns
  2430 | D:4      | Paralysed by a hornet for 2 turns
  2431 | D:4      | Slain by a hornet

Illustrated notes

Levels and vault maps discovered:
D:1:      wheals_arrival_shading, layout_basic, minmay_misc_feat_square,
          minmay_misc_feat_iff
D:2:      layout_basic
D:3:      layout_basic, vehumet_altar_wand_db, ebering_ghost_sewer_d,
          serial_shops, shop, serial_bayou_pond_c, minmay_diced_spiral
D:4:      layout_basic, zin_academy, overflow_temple_1_default,
          minmay_manual_mandibuliform

Skill      XL: |  1  2  3  4  5 |
---------------+----------------+-----
Fighting       | 4 5 |  5.1
Axes           | 4 5 6 |  6.5
Armour         | 3 4 |  4.5
Dodging        | 3 |  3.3
Stealth        | |  0.3

Action                     |  1- 3 |  4- 6 || total
---------------------------+-------+-------++-------
  Melee: Hand axe          |   104 |    59 ||   163
         Headbutt          |    11 |     9 ||    20
 Invoke: Trog's Hand       |       |     2 ||     2
         Berserk           |       |     1 ||     1
    Use: Potion            |       |     1 ||     1
 Armour: Animal skin       |     8 |       ||     8
         Chain mail        |    17 |    31 ||    48
         Scale mail        |     4 |       ||     4
  Dodge: Dodged            |    48 |    29 ||    77
